 Dungeon Crawl Stone Soup version 0.29.1-2-gbd0b4ee654 (webtiles) character file.

Game seed: 9681463211569610764

1589 cdecastro the Changer (level 8, -2/96 HPs)
             Began as a Naga Transmuter on Nov 10, 2022.
             Was a Priest of Nemelex Xobeh.
             Slain by an orc
             ... wielding a +0 mace
              (3 damage)
             ... on level 6 of the Dungeon.
             The game lasted 00:16:37 (7800 turns).

cdecastro the Changer (Naga Transmuter)             Turns: 7800, Time: 00:16:38

Health: -2/96      AC: 24    Str: 17    XL:     8   Next: 92%
Magic:  14/15      EV:  1    Int: 22    God:    Nemelex Xobeh [***...]
Gold:   332        SH:  0    Dex: 11    Spells: 12/17 levels left

rFire   . . .      SeeInvis +   v - +2 dagger (venom)
rCold   . . .      Faith    .   (no shield)
rNeg    . . .      Spirit   .   (body armour currently unavailable)
rPois   +          Reflect  .   (helmet currently unavailable)
rElec   .          Harm     .   (cloak currently unavailable)
rCorr   .          Rampage  .   (gloves currently unavailable)
Will    +....      NoTele   +   (no barding)
Stlth   +.........              (no amulet)
HPRegen 0.26/turn               g - +6 ring of intelligence
MPRegen 0.14/turn               i - +6 ring of strength

@: mighty, lethally poisoned (-2 -> -3), tree-form, attractive
A: stationary, stasis, torment immunity, boosted hp, AC +2, large, see
invisible, (deformed body), (poison resistance), (slowness 2), spit poison 2,
(naga tail 1), (antennae 1), weak 1
a: Breathe Poison Gas, Renounce Religion, Draw Escape, Draw Destruction, Draw
Summoning, Triple Draw


You were on level 6 of the Dungeon.
You worshipped Nemelex Xobeh.
Nemelex Xobeh was most pleased with you.
You were a tree.
You visited 2 branches of the dungeon, and saw 7 of its levels.

You collected 332 gold pieces.

Inventory:

Hand Weapons
 v - a +2 dagger of venom (weapon)
Missiles
 c - 45 stones
 t - 8 poisoned darts
 u - 2 boomerangs
Armour
 a - a +0 robe (melded)
 A - a +0 leather armour of positive energy
Jewellery
 d - a ring of positive energy
 g - a +6 ring of intelligence (left branch)
 i - a +6 ring of strength (right branch)
 y - a ring of magical power
Wands
 x - a wand of flame (8)
 E - a wand of iceblast (7)
Scrolls
 e - a scroll of silence
 j - a scroll of poison
 p - a scroll of teleportation
 q - 7 scrolls of vulnerability
 r - 2 scrolls of amnesia
 s - a scroll of enchant weapon {unknown}
 w - a scroll of immolation
 z - a scroll of identify {unknown}
 D - a scroll of blinking {unknown}
Potions
 f - 2 potions of attraction
 k - a potion of mutation
 m - 2 potions of flight
 n - 4 potions of curing {unknown}
 o - a potion of berserk rage {unknown}
 C - a potion of magic {unknown}
 F - a potion of brilliance {unknown}
Miscellaneous
 B - a piece from Xom's chessboard (15/15)


   Skills:
 - Level 1.0 Fighting
 - Level 1.5 Dodging
 - Level 3.6 Unarmed Combat
 - Level 5.0 Spellcasting
 - Level 7.0 Transmutations
 - Level 5.0 Poison Magic
 + Level 5.5 Invocations


You had 12 spell levels left.
You knew the following spells:

 Your Spells              Type           Power      Damage    Failure   Level
b - Wereblood             Tmut           36%        N/A       1%          2
c - Spider Form           Tmut/Pois      31%        N/A       2%          3

Your spell library contained the following spells:

 Spells                   Type           Power      Damage    Failure   Level
 Beastly Appendage        Tmut           72%        N/A       1%          1
 Magic Dart               Conj           20%        1d4       10%         1
 Searing Ray              Conj           10%        2d4       16%         2
 Ice Form                 Ice/Tmut       20%        N/A       24%         4
 Fulminant Prism          Conj/Hex       2%         3d6       69%         4


Dungeon Overview and Level Annotations

Branches:
Dungeon (6/15)             Temple (1/1) D:4

Altars:
Ashenzari
Cheibriados
Dithmenos
Elyvilon
Fedhas
Gozag
Hepliaklqana
Kikubaaqudgha
Makhleb
Nemelex Xobeh
Qazlal
Ru
Sif Muna
Trog
Uskayaw
Wu Jian
Zin
The Shining One

Shops:
D:5 (


Innate Abilities, Weirdness & Mutations

You are a tree.
Your roots penetrate the ground, keeping you stationary.
You cannot be teleported.
You are immune to unholy pain and torment.
Your maximum health is greatly increased.
Your equipment is partially melded.
((Your serpentine skin is tough. (AC +2)))
You have supernaturally acute eyesight. (SInv)
((Armour fits poorly on your strangely shaped body.))
((Your system is resistant to poisons. (rPois)))
((You cover ground very slowly.))
You can exhale a cloud of poison.
((You have a snake-like lower body.))
((You have a pair of small antennae on your head.))
You are weak. (Str -2)


Message History

Unknown command.
* * * LOW HITPOINT WARNING * * *
You feel sick. The orc closely misses you. The adder closely misses you.
Things that are here:
a +0 dagger; a +0 ring mail; an orc corpse Unknown command.
Really quaff the potion of lignification?
Your transformation has ended.
Your +2 dagger of venom unmelds from your body.
Your +0 robe unmelds from your body.
Your +2 dagger of venom begins to drip with poison!
You turn into a tree.
Your +0 robe melds into your body.
Your roots penetrate the ground.
* * * LOW HITPOINT WARNING * * *
You feel sick. The orc hits you but does no damage.
The adder bites you but does no damage.
It was a potion of attraction.
You feel attractive to monsters.
The sentinel's mark upon you fades away.
* * * LOW HITPOINT WARNING * * *
You feel sick. The adder bites you but does no damage.
The orc hits you but does no damage.
It was a potion of mutation.
You feel extremely strange.
You feel weaker.
There is a nasty taste in your mouth for a moment.
A pair of antennae grows on your head!
* * * LOW HITPOINT WARNING * * *
You feel sick. The adder bites you but does no damage.
The orc hits you but does no damage.
It was a potion of flight.
Your roots keep you in place.
* * * LOW HITPOINT WARNING * * *
You feel sick. The adder bites you but does no damage.
The white imp summons a swarm of flies.
The orc hits you but does no damage. The adder bites you but does no damage.
It was a potion of might.
You feel very mighty all of a sudden.
* * * LOW HITPOINT WARNING * * *
You feel sick. The orc hits you with a +0 mace.
You die...
Your body glows slightly and disappears.

#≈ #≈. #...# ≈#≈.≈#≈ #≈. ##....
... ...... #≈#####..... .....≈
#≈.≈# #≈#.#.#.....
.....≈#####≈.≈#####≈.......###
.....≈≈≈≈≈≈≈.≈≈≈≈≈≈≈.###...#
.................#......#....##
................o#5.....#...##
................♣S5.#......##
............<.####o....#..##
.....###......####........#
....## #...#.............##
.....###...##.#.........##
............#.##......>.#
........^......#.......##
.#.....................#
.#..........####........


You could see an adder, a white imp, 2 orcs and an ufetubus.

Vanquished Creatures
  Sigmund (D:2)
  An acid dragon (D:3)
  An orc warrior (D:5)
  An ogre (D:5)
  An ice beast (D:6)
  A phantom (D:5)
  7 scorpions
  A necrophage (D:4)
  3 jellies
  An orc priest (D:6)
  An iguana (D:5)
  Jessica (D:2)
  An orc wizard (D:4)
  Natasha (thrice) (D:2)
  12 adders
  7 dart slugs
  11 orcs
  9 ball pythons
  13 bats
  4 endoplasms
  3 giant cockroaches
  9 goblins
  5 hobgoblins
  4 jackals
  2 quokkas
  4 frilled lizards
  6 kobolds
  14 rats
127 creatures vanquished.

Vanquished Creatures (others)
  10 fungi (D:4)
10 creatures vanquished.

Grand Total: 137 creatures vanquished

Notes
Turn   | Place    | Note
-------+----------+-------------------------------------------
     0 | D:1      | cdecastro the Naga Transmuter began the quest for the Orb.
     0 | D:1      | Reached XP level 1. HP: 18/18 MP: 3/3
    19 | D:1      | Found a faded altar of an unknown god.
    69 | D:1      | Prayed at the altar of an unknown god.
    69 | D:1      | Became a worshipper of Nemelex Xobeh the Trickster
    69 | D:1      | Reached * piety under Nemelex Xobeh
    69 | D:1      | Received a gift from Nemelex Xobeh
   179 | D:1      | Reached XP level 2. HP: 15/25 MP: 3/5
  1232 | D:1      | Reached skill level 3 in Transmutations
  1239 | D:1      | Reached XP level 3. HP: 30/31 MP: 4/6
  1344 | D:1      | Received a gift from Nemelex Xobeh
  1784 | D:2      | Found a glowing silver altar of Zin.
  1946 | D:2      | Noticed Jessica
  1959 | D:2      | Killed Jessica
  1960 | D:2      | Reached XP level 4. HP: 21/38 MP: 5/7
  2116 | D:2      | Noticed Natasha
  2149 | D:2      | Killed Natasha
  2150 | D:2      | Reached skill level 4 in Transmutations
  2583 | D:2      | Noticed Natasha
  2735 | D:2      | Killed Natasha
  2736 | D:2      | Reached XP level 5. HP: 33/44 MP: 8/8
  2816 | D:2      | Learned a level 2 spell: Wereblood
  2820 | D:2      | Learned a level 3 spell: Spider Form
  2851 | D:2      | Noticed Natasha
  2859 | D:2      | Killed Natasha
  2860 | D:2      | Reached skill level 5 in Transmutations
  3086 | D:2      | Reached skill level 1 in Poison Magic
  3314 | D:2      | Noticed Sigmund
  3325 | D:2      | Killed Sigmund
  3326 | D:2      | Reached skill level 5 in Poison Magic
  3326 | D:2      | Reached XP level 6. HP: 51/51 MP: 6/9
  3436 | D:2      | Reached ** piety under Nemelex Xobeh
  3835 | D:3      | Found a glowing silver altar of Zin.
  3883 | D:3      | Found a hazy altar of Hepliaklqana.
  4082 | D:3      | Found a snail-covered altar of Cheibriados.
  4299 | D:3      | Noticed Pargi
  4302 | D:3      | Noticed Pargi
  4302 | D:3      | Pargi changed into Pargi the acid dragon
  4306 | D:3      | Killed Pargi the acid dragon
  4307 | D:3      | Reached skill level 6 in Transmutations
  4307 | D:3      | Reached XP level 7. HP: 57/57 MP: 10/10
  4676 | D:4      | Found a staircase to the Ecumenical Temple.
  4772 | Temple   | Entered the Ecumenical Temple
  5353 | D:4      | Reached skill level 7 in Transmutations
  5353 | D:4      | Reached skill level 1 in Invocations
  5581 | D:4      | Reached XP level 8. HP: 57/64 MP: 8/13
  6158 | D:4      | Found a shadowy altar of Dithmenos.
  6158 | D:4      | Found a blossoming altar of Fedhas.
  6159 | D:4      | Found an opulent altar of Gozag.
  6294 | D:5      | Entered Level 5 of the Dungeon
  6475 | D:5      | Reached skill level 5 in Spellcasting
  6532 | D:5      | Found Qoameado's Antique Weapon Emporium.
  6634 | D:5      | Received a gift from Nemelex Xobeh
  6835 | D:5      | Reached *** piety under Nemelex Xobeh
  7785 | D:6      | Reached skill level 5 in Invocations
  7795 | D:6      | HP: 3/64 [poisoned by an adder]
  7798 | D:6      | Gained mutation: You are weak. (Str -2) [potion of
                  | mutation]
  7798 | D:6      | Gained mutation: You can exhale a cloud of poison. [potion
                  | of mutation]
  7798 | D:6      | Gained mutation: You have a pair of small antennae on your
                  | head. [potion of mutation]
  7800 | D:6      | HP: 1/96 [poisoned by an adder]
  7800 | D:6      | Slain by an orc

Illustrated notes

Levels and vault maps discovered:
D:1:      pf_arrival_petrified_forest, layout_basic,
          ebering_ecumenical_altar_mist, minmay_misc_feat_more_columns
D:2:      layout_loops_ring, basic_altar, hex_medium, corexii_leaking_fountain,
          kennysheep_cross_room, uniq_natasha, uniq_sigmund, uniq_jessica
D:3:      layout_basic, mainiacjoe_overflow_large_starburst,
          kennysheep_slug_shrine, feat_on_display, uniq_pargi
D:4:      old_forge, layout_basic, gammafunk_temple_overflow_claw,
          minmay_temple_entry_glass, kennysheep_generic_room_13
D:5:      layout_cave_pools, serial_shops, nicolae_shop_advertising_works
          [nicolae_subvault_shop_adworks], hellmonk_bongcloud_opening,
          kennysheep_decorative_pillar
D:6:      layout_cave_pools, yredelemnul_altar_generic,
          nicolae_overflow_two_pavilions
Temple:   nicolae_temple_slightly_damp_pantheon

Skill      XL: |  1  2  3  4  5  6  7  8 |
---------------+-------------------------+-----
Transmutations | 3 4 5 6 7 |  7.0
Poison Magic   | 5 |  5.0
Invocations    | 1 5 |  5.5
Spellcasting   | 3 5 |  5.0
Fighting       | |  1.0
Dodging        | |  1.5
Unarmed Combat | |  3.6

Action                   |  1- 3 |  4- 6 |  7- 9 || total
-------------------------+-------+-------+-------++-------
Melee: Unarmed           |    97 |     6 |    99 ||   202
       Headbutt          |    10 |     3 |     1 ||    14
       Punch             |     1 |     4 |     4 ||     9
       Dagger            |       |   132 |   123 ||   255
 Cast: Beastly Appendage |    19 |     3 |     2 ||    24
       Spider Form       |       |     1 |    13 ||    14
Invok: Draw Destruction  |       |     5 |     4 ||     9
 Abil: Spit Poison       |     1 |    20 |    12 ||    33
  Use: Scroll            |       |       |     7 ||     7
       Potion            |       |       |     5 ||     5
 Stab: Sleeping          |       |     1 |       ||     1
Armor: Robe              |    22 |    56 |    39 ||   117
       Skin              |       |       |    16 ||    16
Dodge: Dodged            |    60 |    79 |   149 ||   288
